 Dungeon Crawl Stone Soup version 0.20-a0-1023-gc4d110f (webtiles) character file.

19656 Multipenetrator the Pandemonic (level 12, -1/97 HPs)
             Began as a Demonspawn Gladiator on Apr 19, 2017.
             Was a High Priest of Makhleb.
             Slain by Donald
             ... wielding a +2 long sword of slicing
              (4 damage)
             ... on level 2 of the Orcish Mines.
             The game lasted 02:37:25 (15776 turns).

Multipenetrator the Pandemonic (DsGl)              Turns: 15776, Time: 02:37:25

Health: -1/97      AC: 28    Str: 25    XL:     12   Next: 38%
Magic:  0/22       EV: 13    Int: 11    God:    Makhleb [*****.]
Gold:   933        SH:  0    Dex: 17    Spells: 11/11 levels left

rFire    . . .     SeeInvis .   a - +0 long sword
rCold    . . .     Gourm    .   (no shield)
rNeg     + . .     Faith    .   M - +6 chain mail of Esuet {-Cast rN+ Str+4}
rPois    .         Spirit   +   c - +0 helmet
rElec    .         Reflect  .   n - +0 cloak
rCorr    .         Harm     .   (gloves unavailable)
MR       .....     NoCast   +   j - +0 pair of boots
Stlth    ..........             (no amulet)
Regen    0.3/turn               t - +6 ring of protection
MPRegen  0.4/turn               y - +2 ring of evasion

@: mighty
A: claws 3, molten scales 1, nightstalker 1, magic shield, magic regeneration
a: Minor Destruction, Lesser Servant of Makhleb, Major Destruction, Greater
Servant of Makhleb, Renounce Religion


You were on level 2 of the Orcish Mines.
You worshipped Makhleb.
Makhleb was extremely pleased with you.
You were hungry.

You visited 3 branches of the dungeon, and saw 14 of its levels.
You also visited: Ossuary.

You collected 1189 gold pieces.
You spent 256 gold pieces at shops.

Inventory:

Hand Weapons
 a - a +0 long sword (weapon)
 b - a +0 demon trident of venom
 B - a +2 whip of flaming
 D - the +1 war axe "Idoulaith" {freeze, rElec rPois SInv}
   (You found it on level 8 of the Dungeon)

   It has been specially enchanted to freeze those struck by it, causing extra
   injury to most foes and up to half again as much damage against particularly
   susceptible opponents.
   It can also slow down cold-blooded creatures.
   It insulates you from electricity.
   It protects you from poison.
   It lets you see invisible.
Armour
 c - a +0 helmet (worn)
 j - a +0 pair of boots (worn)
 n - a +0 cloak (worn)
 A - a +1 plate armour of poison resistance
 M - the +6 chain mail of Esuet (worn) {-Cast rN+ Str+4}
   (You bought it in a shop on level 8 of the Dungeon)

   It affects your strength (+4).
   It protects you from negative energy.
   It prevents spellcasting.
 T - a +0 troll leather armour
Jewellery
 p - an uncursed ring of poison resistance
 t - a +6 ring of protection (left claw)
 w - an uncursed ring of see invisible
 y - a +2 ring of evasion (right claw)
Scrolls
 e - 4 scrolls of magic mapping
 g - 5 scrolls of teleportation
 h - 4 scrolls of recharging
 r - 2 scrolls of remove curse
 s - 2 scrolls of noise {unknown}
 u - 3 scrolls of immolation
 v - 4 scrolls of amnesia
 F - a scroll of brand weapon {unknown}
 G - 2 scrolls of enchant armour {unknown}
 I - 2 scrolls of blinking {unknown}
 K - a scroll of fear {unknown}
Potions
 i - a potion of curing
 l - a potion of berserk rage {unknown}
 m - 3 potions of might
 x - a potion of magic {unknown}
 z - 2 potions of brilliance {unknown}
 C - 2 potions of haste
 H - 2 potions of heal wounds
 J - 4 potions of mutation {unknown}
 L - a potion of lignification {unknown}
 O - a potion of agility {unknown}
 Q - a potion of flight {unknown}
Comestibles
 d - 6 chunks of flesh
 f - 7 bread rations
 k - 7 royal jellies
 o - 4 meat rations
 q - 6 fruits


   Skills:
 * Level 9.7 Fighting
 + Level 10.9 Long Blades
 + Level 0.5 Polearms
 - Level 1.8 Throwing
 + Level 6.5 Armour
 + Level 5.1 Dodging
 + Level 3.2 Stealth
 * Level 13.7 Invocations


You had 11 spell levels left.
You didn't know any spells.

Dungeon Overview and Level Annotations

Branches:
Dungeon (11/15)            Temple (1/1) D:5             Orc (2/2) D:10
   Lair: D:8-11         Elf: Orc:2

Altars:
Ashenzari
Cheibriados
Dithmenos
Elyvilon
Fedhas
Gozag
Hepliaklqana
Kikubaaqudgha
Makhleb
Nemelex Xobeh
Okawaru
Qazlal
Ru
Sif Muna
Trog
Uskayaw
Vehumet
Wu Jian
Xom
Yredelemnul
Zin
The Shining One
Beogh

Shops:
D:8 [   Orc:1 =

Portals:
Trove: D:11 (give +7 demon blade)

Annotations:
D:9 exclusion: statue
Orc:2 Donald


Innate Abilities, Weirdness & Mutations

You have claws for hands.
You are partially covered in molten scales. (AC +2)
You are slightly more attuned to the shadows.
When hurt, damage is shared between your health and your magic reserves.
You regenerate magic rapidly.


Message History

Donald blocks your Executioner's attack.
Donald blocks your attack.
Donald is heavily wounded.
Your Executioner hits Donald! Your Executioner hits Donald.
Your Executioner hits Donald but does no damage.
Donald completely misses your Executioner.
Your Executioner barely misses Donald.
Your Executioner hits Donald but does no damage.
Donald blocks your Executioner's attack.
You catch the helpless Donald completely off-guard!
You slash Donald!
Donald is severely wounded.
Your Executioner barely misses Donald. x2
Your Executioner hits Donald but does no damage.
Your Executioner hits Donald.
Donald blocks your Executioner's attack.
Your Executioner hits Donald.
Donald hits you with a long sword of slicing!!
* * * LOW HITPOINT WARNING * * *
You die...

##...##..........#
######..........#
###..........##
#####.......#.....#
#.#........#......#
..........##.....##
.........##..[..##
#.......###.....####
.......###..[#..@#)######..
.......##...[.##1@#o#......
......###..))..##.##(......
.......#....)..#####.o...o.
...#..##........## ..@.....
##...###...<......##...#...
##.###............###.. ..
### #....)....... ... $
#............ ..@.


You could see Donald and a friendly Executioner.

Vanquished Creatures
  A centaur warrior (D:11)
  3 two-headed ogres
  Sonja (D:11)
  3 unseen horrors
  Pikel (D:5)
  A cyclops (D:11)
  The ghost of Murumi the Covert, a novice NaEn of Cheibriados (D:5)
  A queen bee (D:9)
  A hornet (D:7)
  A hippogriff (D:9)
  2 wraiths
  15 yaks
  A wyvern (D:11)
  A warg (Orc:1)
  A water moccasin (D:11)
  4 ice beasts
  12 orc warriors
  A slave (D:5)
  A hornet zombie (D:8)
  5 sky beasts
  3 phantoms
  5 ogres
  4 wolves (D:10)
  5 centaurs
  A big kobold (D:9)
  3 bullfrogs
  2 water moccasin zombies
  4 scorpions
  26 killer bees
  An electric eel (D:10)
  4 howler monkeys
  4 wights (D:10)
  A bullfrog zombie (D:5)
  3 crimson imps
  6 centaur zombies
  A jelly (D:5)
  4 bullfrog skeletons
  5 hounds
  12 orc priests
  2 iguanas
  4 centaur skeletons
  7 worker ants
  14 orc wizards
  3 ogre zombies (Ossuary)
  A hound zombie (D:11)
  2 mummies (Ossuary)
  Robin (D:3)
  A gnoll (D:5)
  A howler monkey skeleton (D:4)
  A howler monkey zombie (D:7)
  8 adders
  3 shadow imps
  2 oozes
  3 adder skeletons
  2 adder zombies (Ossuary)
  5 worms
  3 dart slugs
  7 leopard geckos
  85 orcs
  A ball python (D:2)
  7 giant cockroaches
  A gnoll zombie (Ossuary)
  14 hobgoblins
  9 jackals
  7 kobolds
  6 quokkas
  4 bats
  5 frilled lizards
  17 goblins
  4 goblin zombies (Ossuary)
  3 hobgoblin zombies (Ossuary)
  A jackal skeleton (D:4)
  6 kobold zombies (Ossuary)
  A leopard gecko skeleton (D:4)
  6 quokka zombies
  10 rats
  4 rat zombies (Ossuary)
  A plant (D:2)
413 creatures vanquished.

Vanquished Creatures (collateral kills)
  3 two-headed ogres
  An ugly thing (D:11)
  A troll (D:10)
  Menkaure (Ossuary)
  2 wargs (Orc:2)
  4 orc warriors (Orc:2)
  3 ogres
  A big kobold (D:11)
  A centaur zombie (D:11)
  4 mummies (Ossuary)
  An adder (D:11)
  22 orcs
  4 kobolds (D:11)
48 creatures vanquished.

Vanquished Creatures (others)
  A worker ant (D:5)
  A quokka skeleton (D:5)
2 creatures vanquished.

Grand Total: 463 creatures vanquished

Notes
Turn   | Place    | Note
-------+----------+-------------------------------------------
     0 | D:1      | Multipenetrator the Demonspawn Gladiator began the quest for the Orb.
     0 | D:1      | Reached XP level 1. HP: 16/16 MP: 1/1
   385 | D:1      | Gained mutation: You are slightly more attuned to the shadows. [demonic ancestry]
   385 | D:1      | Reached XP level 2. HP: 22/22 MP: 2/2
   711 | D:2      | Reached XP level 3. HP: 17/27 MP: 3/3
  1497 | D:3      | Noticed Robin
  1516 | D:3      | Reached XP level 4. HP: 33/33 MP: 4/4
  1927 | D:3      | Killed Robin
  1941 | D:3      | Found an ornate altar of the Wu Jian Council.
  2112 | D:4      | Reached skill level 1 in Armour
  2125 | D:3      | Gained mutation: You are partially covered in molten scales. (AC +2) [demonic ancestry]
  2125 | D:3      | Reached XP level 5. HP: 30/39 MP: 5/5
  2194 | D:3      | Reached skill level 1 in Stealth
  2412 | D:4      | Reached skill level 5 in Long Blades
  2463 | D:5      | Entered Level 5 of the Dungeon
  2539 | D:5      | Noticed Murumi's ghost (novice NaEn)
  2557 | D:5      | Found a staircase to the Ecumenical Temple.
  2565 | Temple   | Entered the Ecumenical Temple
  2570 | Temple   | Became a worshipper of Makhleb the Destroyer
  2725 | D:6      | Noticed a sky beast
  2852 | D:6      | Noticed an ice beast
  2877 | D:6      | Killed an ice beast
  2877 | D:6      | Gained mutation: When hurt, damage is shared between your health and your magic reserves. [demonic ancestry]
  2877 | D:6      | Reached XP level 6. HP: 31/46 MP: 6/6
  2975 | D:6      | Found an opulent altar of Gozag.
  3021 | D:6      | Found a shimmering altar of Xom.
  3089 | D:6      | Found a basalt altar of Yredelemnul.
  3089 | D:6      | Found a bloodstained altar of Trog.
  3089 | D:6      | Found a glowing golden altar of the Shining One.
  3089 | D:6      | Found a sacrificial altar of Ru.
  3122 | D:6      | Found a stormy altar of Qazlal.
  3125 | D:6      | Found a glowing silver altar of Zin.
  3151 | D:6      | Reached skill level 1 in Invocations
  3151 | D:6      | Reached XP level 7. HP: 31/51 MP: 4/8
  3397 | D:6      | Reached * piety under Makhleb
  3462 | D:6      | Reached skill level 2 in Invocations
  3839 | D:5      | Noticed Pikel
  3973 | D:5      | Gained mutation: You have sharp fingernails. [demonic ancestry]
  3973 | D:5      | Reached XP level 8. HP: 49/60 MP: 8/10
  4070 | D:4      | Reached skill level 3 in Invocations
  4287 | D:2      | Reached ** piety under Makhleb
  6267 | D:5      | Reached skill level 4 in Invocations
  6342 | D:5      | Killed Murumi's ghost
  6342 | D:5      | Reached skill level 5 in Invocations
  6582 | D:5      | Reached skill level 6 in Invocations
  6988 | D:6      | Gained mutation: You regenerate magic rapidly. [demonic ancestry]
  6988 | D:6      | Reached XP level 9. HP: 26/67 MP: 5/14
  7004 | D:6      | Reached skill level 7 in Invocations
  7039 | D:5      | Killed Pikel
  7039 | D:5      | Reached skill level 5 in Fighting
  7039 | D:5      | Reached skill level 8 in Invocations
  7530 | D:6      | Reached skill level 9 in Invocations
  8570 | D:7      | Reached *** piety under Makhleb
  8687 | D:8      | Got a crude war axe
  8707 | D:8      | Found a sand-covered staircase.
  8712 | D:8      | Identified the cursed +1 war axe "Idoulaith" {freeze, rElec rPois SInv} (You found it on level 8 of the Dungeon)
  8714 | Ossuary  | Entered an ossuary
  8758 | Ossuary  | Reached skill level 10 in Invocations
  9223 | Ossuary  | Noticed Menkaure
  9251 | Ossuary  | Killed Menkaure
  9456 | D:8      | Gained mutation: You have very sharp fingernails. [demonic ancestry]
  9456 | D:8      | Reached XP level 10. HP: 76/76 MP: 17/17
  9461 | D:8      | You fall through a shaft!
  9508 | D:9      | Noticed a two-headed ogre
  9589 | D:9      | Reached **** piety under Makhleb
  9880 | D:8      | Found a deep blue altar of Sif Muna.
  9959 | D:8      | Found Niegucao's Antique Armour Shoppe.
  9962 | D:8      | Bought an encrusted chain mail for 256 gold pieces
  9979 | D:8      | Identified the +6 chain mail of Esuet {-Cast rN+ Str+4} (You bought it in a shop on level 8 of the Dungeon)
 11065 | D:9      | Found a shattered altar of Ashenzari.
 11180 | D:9      | Killed a two-headed ogre
 11250 | D:9      | Reached skill level 11 in Invocations
 11526 | D:9      | Found a radiant altar of Vehumet.
 11919 | D:10     | Entered Level 10 of the Dungeon
 12063 | D:10     | Reached ***** piety under Makhleb
 12086 | D:10     | Reached skill level 5 in Armour
 12165 | D:10     | Reached XP level 11. HP: 78/84 MP: 17/19
 12607 | D:10     | Killed an unseen horror
 12860 | D:11     | Reached skill level 10 in Long Blades
 13006 | D:11     | Found a portal to a secret trove of treasure.
 13032 | D:11     | Noticed Sonja
 13062 | D:11     | Killed Sonja
 13232 | D:11     | Noticed an unseen horror
 13237 | D:11     | Killed an unseen horror
 13267 | D:11     | Noticed a two-headed ogre
 13485 | D:11     | Killed a two-headed ogre
 13536 | D:11     | Noticed a two-headed ogre
 13545 | D:11     | Noticed a red ugly thing
 13570 | D:11     | Killed a two-headed ogre
 13570 | D:11     | Reached skill level 5 in Dodging
 13570 | D:11     | Reached skill level 12 in Invocations
 13603 | D:11     | Killed a red ugly thing
 14000 | D:11     | Noticed a centaur warrior
 14008 | D:11     | Killed a centaur warrior
 14212 | D:11     | Gained mutation: You have claws for hands. [demonic ancestry]
 14212 | D:11     | Reached XP level 12. HP: 46/95 MP: 14/21
 14324 | D:11     | Reached skill level 13 in Invocations
 14764 | D:10     | Found a roughly hewn altar of Beogh.
 14765 | D:10     | Found a staircase to the Orcish Mines.
 14787 | Orc:1    | Entered Level 1 of the Orcish Mines
 15026 | Orc:1    | Found a roughly hewn altar of Beogh.
 15353 | Orc:2    | Entered Level 2 of the Orcish Mines
 15391 | Orc:2    | Noticed a two-headed ogre
 15407 | Orc:2    | Killed a two-headed ogre
 15416 | Orc:2    | Noticed a two-headed ogre
 15421 | Orc:2    | Killed a two-headed ogre
 15629 | Orc:1    | Found Dingu's Jewellery Shoppe.
 15652 | Orc:1    | Noticed a two-headed ogre
 15657 | Orc:1    | Killed a two-headed ogre
 15715 | Orc:2    | Noticed Donald
 15776 | Orc:2    | HP: 3/97 [Donald/long sword of slicing (23)]
 15776 | Orc:2    | Slain by Donald

Vault maps used:
D:1:      elethiomel_arrival_maze
D:2:      serial_forest, infiniplex_forest_clump_medium,
          infiniplex_forest_clump_small, infiniplex_forest_straight_3,
          infiniplex_forest_straight_5, infiniplex_forest_zigzag_2,
          minmay_misc_feat_enclosed, grunt_ministairs_9
D:3:      corexii_shack_village, overflow_temple_1_default, uniq_robin
D:4:      first_bread
D:5:      minmay_temple_entry_overgrown, uniq_pikel
D:6:      grunt_temple_overflow_open, grunt_ministairs_1,
          nicolae_gozag_seed_capital
D:8:      lemuel_blue_sif_altar, nicolae_ossuary_entry_plus, serial_shops,
          kennysheep_mini_moat
D:9:      nicolae_overflow_hidden_temple, vehumet_statue, david_nohive_1
D:10:     erik_lair_island, david_orc_5
D:11:     enter_trove_1, hangedman_abyss_or_decor_passed, uniq_sonja
Temple:   minmay_freezing_vapour_temple
Orc:1:    serial_shops, shop, mines1_david
Orc:2:    pubby_orc_utopia, serial_shops, uniq_donald, uniq_erolcha
Ossuary:  ossuary_boxes_badplayer

Skill      XL: |  1  2  3  4  5  6  7  8  9 10 11 12 |
---------------+-------------------------------------+-----
Long Blades    | 3 4 5 6 7 8 9 10 | 10.9
Armour         | 1 2 3 4 5 6 |  6.5
Stealth        | 1 2 3 |  3.2
Invocations    | 1 2 6 10 11 12 13 | 13.7
Fighting       | 3 4 5 7 9 |  9.7
Dodging        | 3 4 5 |  5.1
Polearms       | |  0.5
Throwing       | |  1.8

Action                   |  1- 3 |  4- 6 |  7- 9 | 10-12 || total
-------------------------+-------+-------+-------+-------++-------
Melee: Long sword        |   106 |   201 |   658 |  1118 ||  2083
       Demon trident     |       |       |       |     8 ||     8
       War axe           |       |       |       |     2 ||     2
Throw: Throwing net      |     1 |       |       |       ||     1
Invok: Minor Destruction |       |       |   110 |    86 ||   196
       Lesser Servant of |       |       |     2 |     8 ||    10
       Major Destruction |       |       |       |     3 ||     3
       Greater Servant o |       |       |       |     3 ||     3
  Use: Scroll            |       |     6 |    10 |     5 ||    21
       Potion            |       |     3 |     6 |     6 ||    15
 Stab: Sleeping          |     3 |     5 |    20 |     3 ||    31
       Distracted        |       |       |     1 |     2 ||     3
  Eat: Chunk             |     2 |     5 |    15 |    21 ||    43
       Royal jelly       |       |       |     3 |     1 ||     4
Armor: Leather armour    |    26 |    53 |    81 |       ||   160
       Ring mail         |       |       |    97 |    13 ||   110
       Chain mail        |       |       |       |   775 ||   775
       Troll leather arm |       |       |       |    12 ||    12
       Skin              |       |       |       |     1 ||     1
Dodge: Dodged            |    62 |   137 |   411 |   561 ||  1171
       Rpst.: Long sword |    18 |    41 |   114 |   162 ||   335
